 Dungeon Crawl Stone Soup version 0.19-a0-1849-g2383789 (webtiles) character file.

499 JeffiDaFish the Sneak (level 6, -14/44 HPs)
             Began as a Vampire Enchanter on Oct 9, 2016.
             Killed by divine providence
             ... invoked by an orc priest
              (16 damage)
             ... on level 4 of the Dungeon.
             The game lasted 00:12:21 (4100 turns).

JeffiDaFish the Sneak (Vampire Enchanter)           Turns: 4100, Time: 00:12:22

Health: -14/44     AC:  3    Str:  9    XL:     6   Next: 94%
Magic:  4/10       EV: 13    Int: 18    God:
Gold:   156        SH:  0    Dex: 14    Spells: 4 memorised, 0 levels left

rFire  + . .     SeeInvis +     a - +1 dagger
rCold  . . .     Gourm    .     b - +1 robe
rNeg   + . .     Faith    .     (no shield)
rPois  .         Spirit   .     (no helmet)
rElec  .         Dismiss  .     (no cloak)
rCorr  .         Reflect  .     (no gloves)
MR     .....     Harm     .     (no boots)
Stlth  +++.......               (no amulet)
                                j - ring of protection from cold
                                f - ring of fire

@: very slightly contaminated
A: fangs 3, see invisible, unbreathing
a: Bat Form


You were on level 4 of the Dungeon.
You were not thirsty.

You visited 2 branches of the dungeon, and saw 5 of its levels.

You collected 156 gold pieces.

Inventory:

Hand Weapons
 a - a +1 dagger (weapon)
Armour
 b - a +1 robe (worn)
Jewellery
 f - a ring of fire (left hand)
 j - a ring of protection from cold (right hand)
 k - an uncursed ring of protection from cold
Scrolls
 e - 3 scrolls of teleportation
 g - 5 scrolls of identify
 h - 4 scrolls of recharging
 l - a scroll of fear
Potions
 d - 12 potions of blood
 m - a potion of berserk rage
Books
 c - a book of Maledictions

   Spells                             Type                      Level
   a - Corona                         Hexes                        1
   b - Ensorcelled Hibernation        Hexes/Ice                    2
   c - Confuse                        Hexes                        3
   d - Tukima's Dance                 Hexes                        3
   e - Dazzling Spray                 Conjuration/Hexes            3
 i - a book of Misfortune

   Spells                             Type                      Level
   a - Confusing Touch                Hexes                        1
   b - Confuse                        Hexes                        3
   c - Gell's Gravitas                Hexes/Translocation          3
   d - Petrify                        Transmutation/Earth          4
   e - Metabolic Englaciation         Hexes/Ice                    5
   f - Yara's Violent Unravelling     Hexes/Transmutation          5


   Skills:
 + Level 2.1 Fighting
 + Level 2.8 Short Blades
 + Level 3.4 Dodging
 + Level 6.5 Stealth
 + Level 3.1 Spellcasting
 + Level 6.4 Hexes
 + Level 1.9 Ice Magic


You couldn't memorise any spells.
You knew the following spells:

 Your Spells              Type           Power        Failure   Level  Hunger
a - Corona                Hex            ####...      1%          1    None
b - Ensorcelled Hibernat  Hex/Ice        ###...       6%          2    ##.....
c - Confuse               Hex            ####....     3%          3    ###....
d - Yara's Violent Unrav  Hex/Tmut       ##........   93%         5    ######.


Dungeon Overview and Level Annotations

Branches:
Dungeon (4/15)             Temple (1/1) D:4

Altars:
Ashenzari
Elyvilon
Fedhas
Gozag
Kikubaaqudgha
Makhleb
Nemelex Xobeh
Qazlal
Sif Muna
Vehumet
Xom
The Shining One


Innate Abilities, Weirdness & Mutations

You have razor-sharp teeth.
You have supernaturally acute eyesight. (SInv)
You can survive without breathing.


Message History

The orc priest is moderately wounded.
You hit the orc priest.
The orc priest is severely wounded.
The orc priest looks braver for a moment.
The orc hits you with a mace!
* * * LOW HITPOINT WARNING * * *
Casting: Ensorcelled Hibernation
Confirm with . or Enter, or press ? or * to list all spells.
Aiming: Ensorcelled Hibernation
Press: ? - help, Shift-Dir - straight line, f/p - orc priest
Aim: an orc priest, wielding a war axe (severely wounded, chance to defeat MR: 48%)
You miscast Ensorcelled Hibernation.
You are very lightly contaminated with residual magic.
Your hands feel numb with cold.
The orc priest hits you with a war axe!
* * * LOW HITPOINT WARNING * * *
You hit the orc priest.
The orc priest is almost dead.
The orc priest invokes the aid of Beogh against you.
Beogh smites you!
You die...

##..#...###..........#
#.....#.# #..........#
#.......# #..........#
#.......# #..........#
#........##..........#
#.........##........##
#......#..###......##
######.#..# ####.###
.# ..# #@# .. .# #o#
#o.o...# #.......#
...o..... .........
#......... #.........
#.........


You could see 2 orc priests and an orc.

Vanquished Creatures
  The ghost of Yara the Cudgeler, an amateur HuEn of Gozag (D:4)
  An ogre (D:4)
  An orc priest (D:4)
  3 worker ants (D:4)
  4 adders (D:3)
  3 oozes (D:1)
  A dart slug (D:2)
  A leopard gecko (D:1)
  2 orcs
  12 bats
  7 giant cockroaches
  7 goblins
  7 hobgoblins
  3 jackals (D:2)
  10 kobolds
  A quokka (D:3)
  6 frilled lizards
  A jackal skeleton (D:4)
  A quokka skeleton (D:4)
  8 rats
80 creatures vanquished.

Vanquished Creatures (others)
  14 toadstools (D:4)
14 creatures vanquished.

Grand Total: 94 creatures vanquished

Notes
Turn   | Place    | Note
-------+----------+-------------------------------------------
     0 | D:1      | JeffiDaFish the Vampire Enchanter began the quest for the Orb.
     0 | D:1      | Reached XP level 1. HP: 13/13 MP: 3/3
   333 | D:1      | Reached XP level 2. HP: 12/19 MP: 5/5
   637 | D:1      | Learned a level 2 spell: Ensorcelled Hibernation
   769 | D:1      | Reached skill level 5 in Stealth
   770 | D:1      | Reached skill level 5 in Hexes
   966 | D:1      | Reached XP level 3. HP: 17/24 MP: 6/6
  1832 | D:2      | Found a sparkling altar of Nemelex Xobeh.
  2151 | D:3      | Reached XP level 4. HP: 27/31 MP: 7/7
  2979 | D:3      | Found a stormy altar of Qazlal.
  3019 | D:4      | Reached skill level 1 in Fighting
  3019 | D:4      | Reached XP level 5. HP: 37/37 MP: 8/8
  3027 | D:4      | Noticed Yara's ghost (amateur HuEn)
  3035 | D:4      | Learned a level 3 spell: Confuse
  3118 | D:4      | Killed Yara's ghost
  3118 | D:4      | Reached skill level 1 in Ice Magic
  3118 | D:4      | Reached XP level 6. HP: 17/44 MP: 0/10
  3416 | D:4      | Learned a level 5 spell: Yara's Violent Unravelling
  3427 | D:4      | Found a staircase to the Ecumenical Temple.
  3848 | Temple   | Entered the Ecumenical Temple
  4099 | D:4      | HP: 2/44 [orc priest/war axe (11)]
  4100 | D:4      | Killed from afar by an orc priest

Vault maps used:
D:1:      erik_arrival_gehennom, minivault_27, kennysheep_small_spiral,
          st_stairs_4, minmay_misc_feat_four_crosses, minmay_split_cup_small
D:2:      nemelex_xobeh_ov_fountains_minmay
D:3:      hangedman_decor_opposing, nicolae_qazlal_eye_of_the_storm
D:4:      gammafunk_temple_overflow_claw, tgw_fedhas
Temple:   cyrus_temple_forest

Skill      XL: |  1  2  3  4  5  6 |
---------------+-------------------+-----
Stealth        | 5 6 |  6.5
Hexes          | 5 6 |  6.4
Short Blades   | 2 |  2.8
Fighting       | 1 2 |  2.1
Dodging        | 3 |  3.4
Spellcasting   | 3 |  3.1
Ice Magic      | 1 |  1.9

Action                   |  1- 3 |  4- 6 || total
-------------------------+-------+-------++-------
Melee: Dagger            |   154 |   258 ||   412
       Bite              |    14 |    33 ||    47
 Cast: Ensorcelled Hiber |       |     9 ||     9
       Confuse           |       |     4 ||     4
 Abil: End Transformatio |     3 |       ||     3
       Bat Form          |     3 |       ||     3
  Use: Scroll            |     6 |     2 ||     8
       Potion            |     8 |    10 ||    18
 Stab: Sleeping          |    11 |    12 ||    23
       Confused          |       |     2 ||     2
Armor: Robe              |    37 |    17 ||    54
Dodge: Dodged            |   114 |    60 ||   174
